 Dungeon Crawl Stone Soup version 0.20.0-8-g6b59dc7 (webtiles) character file.

1279 JeffiDaFish the Shield-Bearer (level 8, -1/55 HPs)
             Began as a Gargoyle Fighter on May 30, 2017.
             Slain by an iguana (6 damage)
             ... on level 7 of the Dungeon.
             The game lasted 00:09:51 (3754 turns).

JeffiDaFish the Shield-Bearer (Gargoyle Fighter)    Turns: 3754, Time: 00:09:53

Health: -1/55      AC: 18    Str: 20    XL:     8   Next: 54%
Magic:  8/8        EV:  8    Int:  9    God:
Gold:   293        SH: 14    Dex: 11    Spells: 7/7 levels left

rFire    . . .     SeeInvis .   a - +1 war axe
rCold    + . .     Gourm    .   c - +0 shield
rNeg     + . .     Faith    .   d - +2 scale mail {rC+}
rPois    ∞         Spirit   .   k - +0 helmet (curse)
rElec    +         Reflect  +   (no cloak)
rCorr    .         Harm     .   o - +0 pair of gloves
MR       .....                  (no boots)
Stlth    ..........             m - +4 amulet of reflection
Regen    0.2/turn               (no ring)
MPRegen  0.2/turn               (no ring)

@: no status effects
A: slimy green scales 1, negative energy resistance 1, robust 1, electricity
resistance, unbreathing, petrification resistance, rot immunity, AC +5
a: no special abilities


You were on level 7 of the Dungeon.
You were hungry.

You visited 1 branch of the dungeon, and saw 5 of its levels.
You also visited: Sewer and Ossuary.

You collected 293 gold pieces.

Inventory:

Hand Weapons
 a - a +1 war axe (weapon)
Armour
 c - a +0 shield (worn)
 d - a +2 scale mail of cold resistance (worn)
 k - a cursed +0 helmet (worn)
 o - a +0 pair of gloves (worn)
Jewellery
 m - a +4 amulet of reflection (around neck)
Scrolls
 h - 2 scrolls of remove curse
 j - 4 scrolls of identify
 n - a scroll of amnesia
 r - a scroll of teleportation
 s - a scroll of recharging
Potions
 e - 2 potions of curing
 q - a potion of cancellation
Comestibles
 f - 3 bread rations
 i - 2 fruits
 t - a meat ration


   Skills:
 + Level 5.4 Fighting
 + Level 5.9 Axes
 + Level 4.8 Armour
 + Level 1.7 Dodging
 + Level 1.0 Stealth
 + Level 6.7 Shields


You had 7 spell levels left.
You didn't know any spells.

Dungeon Overview and Level Annotations

Branches:
Dungeon (4/15)
 Temple: D:4-7

Altars:
Elyvilon
Kikubaaqudgha
Makhleb
Nemelex Xobeh
Sif Muna
The Shining One


Innate Abilities, Weirdness & Mutations

You are resistant to torment.
Your stone body is resilient. (AC +5)
You are immune to poison.
You resist negative energy. (rN+)
You are resistant to electric shocks. (rElec)
You can survive without breathing.
You are immune to petrification.
You are immune to rotting.
You are partially covered in slimy green scales. (AC +2)
You are robust. (+10% HP)


Message History

You block the wyvern's attack.
You see here a potion of haste.
The wyvern misses you.
You feel a little less agile now.
An iguana comes into view.
The iguana hisses angrily.
The wyvern bites you but does no damage.
You hit the iguana.
The iguana is moderately wounded.
You slash the wyvern! The wyvern bites you!
* * * LOW HITPOINT WARNING * * *
The iguana barely misses you. You block the wyvern's attack.
You hit the iguana but do no damage.
The iguana is moderately wounded.
You barely miss the wyvern. You hit the wight.
The iguana hisses menacingly.
The iguana bites you but does no damage.
You block the wight's attack. You block the wyvern's attack.
The iguana bites you.
You die...

#.#%....# #.z...#
#.#$...)# ##.###.#
#.#...#.# #...)..#.
####zZ?......
#.z†z....#... ##
#.##z?$..#..# #.
#!##.....##%#
####l###z##.....#
#....@lz..........
#.....z....####....
#..........# ...#
############ ..


You could see a wyvern, an iguana and 3 wights.

Vanquished Creatures
  A hornet (D:7)
  A hippogriff (D:7)
  Menkaure (D:4)
  Purgy (Sewer)
  A sky beast (D:7)
  A black bear (D:7)
  A centaur skeleton (D:4)
  A hound (D:2)
  An orc priest (D:4)
  2 orc wizards (D:4)
  An iguana (D:4)
  12 mummies (Ossuary)
  4 adders
  A shadow imp (D:7)
  An ooze (D:3)
  2 worms (D:3)
  3 dart slugs
  5 leopard geckos
  12 orcs
  14 bats
  5 giant cockroaches
  6 goblins
  8 hobgoblins
  10 jackals
  7 kobolds
  2 quokkas (D:3)
  A ball python (D:2)
  3 frilled lizards
  5 gnoll skeletons (Ossuary)
  A goblin skeleton (Ossuary)
  A kobold skeleton (Ossuary)
  An orc skeleton (Ossuary)
  5 rats
  11 rat skeletons (Ossuary)
132 creatures vanquished.

Vanquished Creatures (others)
  An orc (D:7)
1 creature vanquished.

Grand Total: 133 creatures vanquished

Notes
Turn   | Place    | Note
-------+----------+-------------------------------------------
     0 | D:1      | JeffiDaFish the Gargoyle Fighter began the quest for the Orb.
     0 | D:1      | Reached XP level 1. HP: 14/14 MP: 1/1
   215 | D:1      | Reached XP level 2. HP: 8/19 MP: 2/2
   774 | D:2      | Reached XP level 3. HP: 23/23 MP: 3/3
   990 | D:2      | Found a burning altar of Makhleb.
   998 | D:2      | Reached skill level 4 in Shields
   998 | D:2      | Reached XP level 4. HP: 28/29 MP: 4/4
  1336 | D:2      | Found a deep blue altar of Sif Muna.
  1502 | D:3      | Found a glowing drain.
  1532 | Sewer    | Entered a sewer
  1609 | Sewer    | Noticed Purgy
  1623 | Sewer    | Killed Purgy
  1623 | Sewer    | Reached skill level 1 in Dodging
  1623 | Sewer    | Reached XP level 5. HP: 23/33 MP: 5/5
  1756 | D:3      | Reached skill level 5 in Shields
  1830 | D:3      | Found a glowing golden altar of the Shining One.
  2063 | D:3      | Reached XP level 6. HP: 38/38 MP: 6/6
  2248 | D:4      | Found a sand-covered staircase.
  2276 | Ossuary  | Entered an ossuary
  2632 | Ossuary  | Gained mutation: You are robust. (+10% HP) [potion of mutation]
  2632 | Ossuary  | Gained mutation: You are partially covered in slimy green scales. (AC +2) [potion of mutation]
  3183 | D:4      | Reached XP level 7. HP: 47/47 MP: 7/7
  3285 | D:4      | Found a white marble altar of Elyvilon.
  3376 | D:4      | Found a sparkling altar of Nemelex Xobeh.
  3556 | D:4      | Noticed Menkaure
  3561 | D:4      | Killed Menkaure
  3561 | D:4      | Reached skill level 1 in Stealth
  3612 | D:4      | You fall through a shaft for 3 floors!
  3612 | D:7      | Found an ancient bone altar of Kikubaaqudgha.
  3617 | D:7      | Noticed a hippogriff
  3635 | D:7      | Killed a hippogriff
  3635 | D:7      | Reached skill level 5 in Fighting
  3635 | D:7      | Reached skill level 5 in Axes
  3635 | D:7      | Reached XP level 8. HP: 23/53 MP: 8/8
  3646 | D:7      | Reached skill level 6 in Shields
  3671 | D:7      | Noticed a wyvern
  3708 | D:7      | Noticed a hornet
  3746 | D:7      | Killed a hornet
  3754 | D:7      | Slain by an iguana

Skill      XL: |  1  2  3  4  5  6  7  8 |
---------------+-------------------------+-----
Axes           | 2 3 4 5 |  5.9
Shields        | 4 5 6 |  6.7
Fighting       | 4 5 |  5.4
Dodging        | 1 |  1.7
Armour         | 4 |  4.8
Stealth        | 1 |  1.0

Action                   |  1- 3 |  4- 6 |  7- 9 || total
-------------------------+-------+-------+-------++-------
Melee: War axe           |    94 |   306 |   127 ||   527
  Use: Potion            |     3 |    10 |     6 ||    19
       Scroll            |     5 |     4 |     1 ||    10
  Eat: Chunk             |       |     6 |     1 ||     7
       Fruit             |       |     1 |       ||     1
       Royal jelly       |       |       |     1 ||     1
Armor: Scale mail        |    69 |   160 |    87 ||   316
Dodge: Dodged            |    37 |   112 |    55 ||   204
Block: Shield            |    74 |   207 |   124 ||   405
       Reflection        |       |       |     1 ||     1
